 Dungeon Crawl Stone Soup version 0.19.5 (webtiles) character file.

3060 vatarom the Zephyrmancer (level 9, -16/57 HPs)
             Began as a Tengu Air Elementalist on Mar 9, 2017.
             Was a Follower of Sif Muna.
             Demolished by a komodo dragon (28 damage)
             ... on level 8 of the Dungeon.
             The game lasted 00:18:50 (7741 turns).

vatarom the Zephyrmancer (Tengu Air Elementalist)   Turns: 7741, Time: 00:18:51

Health: -16/57     AC:  8    Str:  9    XL:     9   Next: 87%
Magic:  23/34      EV: 13    Int: 18    God:    Sif Muna [*.....]
Gold:   376        SH:  8    Dex: 16    Spells: 5 memorised, 5 levels left

rFire  . . .     SeeInvis .     t - +5 rapier "Oshos" {pierce, rC++ MR+ MP+9}
rCold  + + .     Gourm    .     x - +1 robe of the Dice {Str+3}
rNeg   . . .     Faith    .     (no shield)
rPois  .         Spirit   .     y - +2 hat
rElec  .         Reflect  +     a - +0 cloak
rCorr  .         Harm     .     e - +0 pair of gloves
MR     ++...                    (boots unavailable)
Stlth  ++........               r - +4 amulet of reflection
                                m - ring of magical power
                                f - ring of protection from magic

@: repel missiles
A: beak, horns 1, talons 3, large bone plates 1, rugged brown scales 1, sense
surroundings 1, weak 1, MP-powered wands, able to fly 1
a: Fly, Divine Energy, Renounce Religion


You were on level 8 of the Dungeon.
You worshipped Sif Muna.
Sif Muna was aware of your devotion.
You were not hungry.

You visited 2 branches of the dungeon, and saw 9 of its levels.

You collected 518 gold pieces.
You spent 142 gold pieces at shops.

Inventory:

Hand Weapons
 t - the +5 rapier "Oshos" (weapon) {pierce, rC++ MR+ MP+9}
   (You found it on level 4 of the Dungeon)

   It inflicts extra damage upon your enemies.
   It greatly protects you from cold.
   It affects your resistance to hostile enchantments.
   It affects your magic capacity (+9).
Armour
 a - a +0 cloak (worn)
 e - a +0 pair of gloves (worn)
 x - the +1 robe of the Dice (worn) {Str+3}
   (You bought it in a shop on level 4 of the Dungeon)

   It affects your strength (+3).
 y - a +2 hat (worn)
Jewellery
 f - a ring of protection from magic (left hand)
 m - a ring of magical power (right hand)
 r - a +4 amulet of reflection (around neck)
 u - an uncursed ring of flight
Wands
 o - a wand of slowing (37/48)
 z - a wand of disintegration (11/24)
 A - a wand of iceblast (7/15)
 B - a wand of random effects (19/48)
Scrolls
 h - 2 scrolls of identify
 j - 4 scrolls of magic mapping
 k - 2 scrolls of random uselessness
 l - a scroll of teleportation
 p - 2 scrolls of remove curse
 v - 3 scrolls of amnesia
 w - 2 scrolls of fear
 C - a scroll of acquirement {unknown}
Potions
 d - a potion of resistance
 g - 10 potions of curing
 n - a potion of magic
 s - a potion of cancellation
Books
 b - a book of Air

   Spells                             Type                      Level
   a - Shock                          Conjuration/Air              1
   b - Swiftness                      Charms/Air                   2
   c - Repel Missiles                 Charms/Air                   2
   d - Static Discharge               Conjuration/Air              3
   e - Lightning Bolt                 Conjuration/Air              5
Comestibles
 c - 3 chunks of flesh
 i - 2 meat rations
 q - a beef jerky


   Skills:
 - Level 6.5 Fighting
 - Level 2.1 Dodging
 - Level 2.0 Stealth
 + Level 4.1 Spellcasting
 - Level 8.3 Conjurations
 - Level 12.0 Air Magic


You had 5 spell levels left.
You knew the following spells:

 Your Spells              Type           Power        Failure   Level  Hunger
a - Shock                 Conj/Air       ####         1%          1    None
b - Repel Missiles        Chrm/Air       ####..       1%          2    ##.....
c - Swiftness             Chrm/Air       ####....     1%          2    ##.....
d - Static Discharge      Conj/Air       #####...     1%          3    ###....
e - Mephitic Cloud        Conj/Pois/Air  ####....     2%          3    ###....


Dungeon Overview and Level Annotations

Branches:
Dungeon (8/15)             Temple (1/1) D:6            Lair (0/6) D:8

Altars:
Ashenzari
Cheibriados
Dithmenos
Elyvilon
Fedhas
Gozag
Hepliaklqana
Kikubaaqudgha
Makhleb
Nemelex Xobeh
Okawaru
Qazlal
Ru
Sif Muna
Trog
Uskayaw
Vehumet
Xom
Yredelemnul
Zin
The Shining One

Shops:
D:4 [   D:8 !

Annotations:
D:8 Joseph


Innate Abilities, Weirdness & Mutations

You have a beak for a mouth.
You have claws for feet.
You can fly.
You have a pair of small horns on your head.
You are partially covered in large bone plates. (SH +4)
You are partially covered in rugged brown scales. (AC +1, +3% HP)
You passively map a small area around you.
You are weak. (Str -2)
You expend magic power (3 MP) to strengthen your wands.


Message History

The komodo dragon is moderately wounded.
The lightning arcs!
Joseph is struck by lightning.
Joseph is severely wounded.
The lightning arcs!
You are struck by lightning.
The lightning grounds out.
The komodo dragon barely misses you.
Joseph hits you with an uncursed quarterstaff!
* * * LOW HITPOINT WARNING * * *
Casting: Static Discharge
Confirm with . or Enter, or press ? or * to list all spells.
The komodo dragon is struck by lightning.
The komodo dragon is heavily wounded.
The lightning arcs!
Joseph is struck by lightning.
Joseph is almost dead.
The lightning arcs!
The komodo dragon is struck by lightning.
The komodo dragon is severely wounded.
The lightning arcs!
You are struck by lightning.
* * * LOW HITPOINT WARNING * * *
The lightning grounds out.
The komodo dragon bites you!!
You die...

< , ,
#.................. * .
*#'###.............. ,
.##...#.............. #
.'.................. *
#., #.......#......#...
, #..
#...##'###....#....
,#...#...##..#######....
, #...'....(...# #.###
#<..#.@......# ### #
#@l.##..## ** ,
*#...##### * *, ,,......
,..#...## #..##### ,, ,
.. * ... * , , ,


You could see Joseph and a komodo dragon.

Vanquished Creatures
  A spiny frog (D:8)
  Grinder (D:6)
  2 sky beasts
  5 ogres
  2 orc warriors (D:6)
  3 phantoms
  2 centaurs
  A big kobold (D:7)
  4 bullfrogs
  3 scorpions
  A vampire bat (D:4)
  A howler monkey (D:4)
  2 hounds
  4 jellies
  Crazy Yiuf (D:6)
  2 orc priests (D:6)
  A bullfrog skeleton (D:7)
  3 iguanas
  3 worker ants
  2 orc wizards (D:6)
  3 gnolls (D:7)
  13 adders
  3 shadow imps
  2 adder zombies
  An adder skeleton (D:4)
  4 dart slugs
  5 leopard geckos
  15 orcs
  2 ball pythons
  3 bat skeletons (D:4)
  3 bat zombies (D:4)
  8 giant cockroaches
  8 goblins
  5 hobgoblins
  5 jackals
  5 quokkas
  12 bats
  3 frilled lizards (D:1)
  18 kobolds
  4 rats
166 creatures vanquished.

Vanquished Creatures (collateral kills)
  A hound (D:7)
1 creature vanquished.

Grand Total: 167 creatures vanquished

Notes
Turn   | Place    | Note
-------+----------+-------------------------------------------
     0 | D:1      | vatarom the Tengu Air Elementalist began the quest for the Orb.
     0 | D:1      | Reached XP level 1. HP: 10/10 MP: 4/4
   314 | D:1      | Reached XP level 2. HP: 15/15 MP: 3/6
   381 | D:1      | Learned a level 2 spell: Repel Missiles
   384 | D:1      | Learned a level 2 spell: Swiftness
   440 | D:1      | Reached skill level 5 in Air Magic
   646 | D:1      | Reached XP level 3. HP: 19/19 MP: 2/7
  1371 | D:2      | Gained mutation: You have a pair of small horns on your head. [potion of beneficial mutation]
  1566 | D:2      | Reached skill level 6 in Air Magic
  1761 | D:2      | Gained mutation: You passively map a small area around you. [potion of mutation]
  1761 | D:2      | Gained mutation: You are partially covered in rugged brown scales. (AC +1, +3% HP) [potion of mutation]
  1761 | D:2      | Gained mutation: You are clumsy. (Dex -2) [potion of mutation]
  1863 | D:2      | Reached XP level 4. HP: 24/24 MP: 8/8
  2114 | D:3      | Found a shadowy altar of Dithmenos.
  2757 | D:3      | Reached skill level 7 in Air Magic
  2924 | D:4      | Gained mutation: You can fly. [Tengu growth]
  2924 | D:4      | Reached XP level 5. HP: 28/28 MP: 9/9
  2949 | D:4      | Got an ivory rapier
  2950 | D:4      | Identified the +5 rapier "Oshos" {pierce, rC++ MR+ MP+9} (You found it on level 4 of the Dungeon)
  3007 | D:4      | Learned a level 3 spell: Static Discharge
  3071 | D:4      | Reached skill level 8 in Air Magic
  3102 | D:4      | Reached XP level 6. HP: 20/32 MP: 10/10
  3449 | D:4      | Reached skill level 9 in Air Magic
  3524 | D:4      | Found an ancient bone altar of Kikubaaqudgha.
  3578 | D:4      | Found Sipucega's Antique Armour Shop.
  3587 | D:4      | Bought a ripped robe for 142 gold pieces
  3597 | D:4      | Identified the +1 robe of the Dice {Str+3} (You bought it in a shop on level 4 of the Dungeon)
  3697 | D:5      | Entered Level 5 of the Dungeon
  3753 | D:5      | Reached skill level 10 in Air Magic
  3753 | D:5      | Reached XP level 7. HP: 32/37 MP: 11/11
  3820 | D:5      | Found a stormy altar of Qazlal.
  3970 | D:5      | Reached skill level 11 in Air Magic
  4259 | D:6      | Reached skill level 12 in Air Magic
  4259 | D:6      | Reached XP level 8. HP: 17/42 MP: 2/12
  4476 | D:6      | Found a runed door.
  4480 | D:6      | Noticed Crazy Yiuf
  4484 | D:6      | Killed Crazy Yiuf
  4484 | D:6      | Reached skill level 1 in Fighting
  4600 | D:6      | Found a glowing silver altar of Zin.
  4601 | D:6      | Noticed Grinder
  4613 | D:6      | Killed Grinder
  5022 | D:6      | Reached skill level 5 in Fighting
  5265 | D:6      | Learned a level 3 spell: Mephitic Cloud
  5276 | D:6      | Found a shattered altar of Ashenzari.
  5343 | D:6      | Reached XP level 9. HP: 25/57 MP: 12/13
  5662 | D:6      | Found a staircase to the Ecumenical Temple.
  5683 | Temple   | Entered the Ecumenical Temple
  5753 | Temple   | Became a worshipper of Sif Muna the Loreminder
  5848 | D:6      | Found a burning altar of Makhleb.
  6088 | D:7      | Reached skill level 5 in Conjurations
  6489 | D:7      | Reached * piety under Sif Muna
  6811 | D:7      | Lost mutation: You are clumsy. (Dex -2) [potion of mutation]
  6811 | D:7      | Gained mutation: You are partially covered in large bone plates. (SH +4) [potion of mutation]
  6811 | D:7      | Gained mutation: You are weak. (Str -2) [potion of mutation]
  7116 | D:8      | Found Heusmoug's Distillery.
  7149 | D:8      | Noticed a spiny frog
  7194 | D:8      | Noticed a komodo dragon
  7203 | D:8      | Killed a spiny frog
  7647 | D:8      | Found a shadowy altar of Dithmenos.
  7651 | D:8      | Found a staircase to the Lair.
  7658 | D:8      | Gained mutation: You occasionally shout uncontrollably at your foes. [potion of mutation]
  7658 | D:8      | Gained mutation: You expend magic power (3 MP) to strengthen your wands. [potion of mutation]
  7658 | D:8      | Lost mutation: You occasionally shout uncontrollably at your foes. [potion of mutation]
  7722 | D:8      | Noticed Joseph
  7741 | D:8      | Demolished by a komodo dragon

Skill      XL: |  1  2  3  4  5  6  7  8  9 |
---------------+----------------------------+-----
Air Magic      | 5 6 7 8 10 12 | 12.0
Fighting       | 6 |  6.5
Conjurations   | 8 |  8.3
Spellcasting   | 4 |  4.1
Dodging        | |  2.1
Stealth        | |  2.0

Action                   |  1- 3 |  4- 6 |  7- 9 || total
-------------------------+-------+-------+-------++-------
Melee: Unarmed           |    37 |       |       ||    37
       Kick              |    12 |     5 |    17 ||    34
       Peck              |     7 |     5 |    12 ||    24
       Dagger            |    15 |       |       ||    15
       Whip              |    23 |    55 |       ||    78
       Headbutt          |     2 |     9 |    11 ||    22
       Rapier            |       |    22 |    85 ||   107
 Cast: Shock             |    41 |    57 |    97 ||   195
       Repel Missiles    |     1 |     1 |     1 ||     3
       Static Discharge  |       |    15 |    60 ||    75
       Mephitic Cloud    |       |       |    11 ||    11
  Use: Scroll            |     5 |    10 |     6 ||    21
       Potion            |     4 |       |     4 ||     8
 Stab: Sleeping          |     2 |     3 |     3 ||     8
       Distracted        |       |       |     2 ||     2
       Confused          |       |       |     1 ||     1
  Eat: Chunk             |     2 |     6 |     9 ||    17
       Bread ration      |     1 |       |     2 ||     3
       Meat ration       |       |       |     1 ||     1
Armor: Robe              |    15 |    19 |    28 ||    62
Dodge: Dodged            |    51 |    74 |    69 ||   194
       Deflected         |     1 |     1 |     1 ||     3
Block: Other             |       |     8 |    29 ||    37
